 Dungeon Crawl Stone Soup version 0.19.4-9-g45fd643 (webtiles) character file.

98 Patwa the Cutter (level 4, -1/33 HPs)
             Began as a Vampire Gladiator on Feb 22, 2017.
             Slain by Grinder (6 damage)
             ... on level 3 of the Dungeon.
             The game lasted 00:18:27 (1842 turns).

Patwa the Cutter (Vampire Gladiator)                Turns: 1842, Time: 00:18:27

Health: -1/33      AC:  4    Str: 15    XL:     4   Next: 44%
Magic:  4/4        EV: 14    Int: 10    God:
Gold:   58         SH:  0    Dex: 17    Spells: 0 memorised, 3 levels left

rFire  . . .     SeeInvis +     a - +0 rapier
rCold  . . .     Gourm    .     b - +0 leather armour
rNeg   . . .     Faith    .     (no shield)
rPois  .         Spirit   .     c - +0 helmet
rElec  .         Reflect  .     (no cloak)
rCorr  .         Harm     .     (no gloves)
MR     .....                    (no boots)
Stlth  ++........               (no amulet)
                                (no ring)
                                x - +3 ring of dexterity

@: regenerating quickly
A: fangs 3, see invisible, unbreathing
a: no special abilities


You were on level 3 of the Dungeon.
You were full.

You visited 1 branch of the dungeon, and saw 3 of its levels.

You collected 58 gold pieces.

Inventory:

Hand Weapons
 a - a +0 rapier (weapon)
 d - a +0 club
 f - a +0 club
 j - a +0 hunting sling
 k - a +0 dagger
 l - a +0 dagger
 m - a cursed +0 dagger
 n - a +0 whip
 p - a +0 club
 q - a cursed -2 dagger
 u - a +0 club
 y - a +0 club
 D - a +0 club
 E - a +0 club
 F - a +0 whip
 I - a +0 club
 J - a +0 short sword
 K - a +0 club
 L - a +0 short sword
 N - a cursed +0 club
Missiles
 r - 2 stones (quivered)
 w - 19 poisoned needles
 C - a throwing net
 G - 16 bolts
 H - 10 arrows
Armour
 b - a +0 leather armour (worn)
 c - a +0 helmet (worn)
 g - a +0 ring mail
 t - a +0 ring mail
Jewellery
 x - a +3 ring of dexterity (left hand)
Scrolls
 s - 4 scrolls of identify {unknown}
 v - a scroll of remove curse {unknown}
 z - a scroll of enchant weapon {unknown}
Potions
 e - a potion of blood
 h - a potion of berserk rage {unknown}
 i - 3 potions of heal wounds {unknown}
 o - a potion of flight {unknown}
 B - 2 potions of cancellation {unknown}
Comestibles
 M - a bread ration


   Skills:
 + Level 2.1 Fighting
 + Level 4.1 Short Blades
 + Level 2.0 Throwing
 + Level 1.0 Armour
 + Level 4.0 Dodging
 + Level 1.2 Stealth


You had 3 spell levels left.
You didn't know any spells.

Dungeon Overview and Level Annotations

Branches:
Dungeon (3/15)

Altars:
Dithmenos
Trog
Xom

Annotations:
D:3 Grinder


Innate Abilities, Weirdness & Mutations

Your natural rate of healing is unusually fast.
You have razor-sharp teeth.
You have supernaturally acute eyesight. (SInv)
You can survive without breathing.


Message History

Grinder is moderately wounded.
Throwing (i - inventory. (,) - cycle):
r - 3 stones (quivered)
Press: ? - help, Shift-Dir - straight line, f/p - Grinder
Aim: Grinder (moderately wounded)
You throw a stone. The stone closely misses Grinder.
You hit Grinder.
Grinder is moderately wounded.
Grinder hits you.
You writhe in agony.
You hit Grinder. You bite Grinder.
Grinder is heavily wounded.
Grinder barely misses you.
You hit Grinder but do no damage. Your bite misses Grinder.
Grinder is heavily wounded.
Grinder closely misses you.
You hit Grinder.
Grinder is severely wounded.
Grinder hits you!
* * * LOW HITPOINT WARNING * * *
You writhe in agony.
You die...

#...................>
##.....########......
##....# #.....#
###....##### #..####
#.....#..... ##.###.
.#....#.........
#..#..
...#####..#####.
##.... #...((....#
###.. #####(.5@(#
.##. #.##..# #.## #.
#(.# #.## # #.(..
#.## ..###. #>## .##
.# #... . # #### ## #
#


You could see Grinder.

Vanquished Creatures
  Ijyb (D:2)
  4 adders (D:3)
  A worm (D:2)
  4 goblins
  8 hobgoblins
  3 jackals (D:2)
  3 kobolds
  3 bats
  5 frilled lizards
  4 rats
36 creatures vanquished.

Notes
Turn   | Place    | Note
-------+----------+-------------------------------------------
     0 | D:1      | Patwa the Vampire Gladiator began the quest for the Orb.
     0 | D:1      | Reached XP level 1. HP: 16/16 MP: 1/1
   351 | D:1      | Reached XP level 2. HP: 21/22 MP: 2/2
   674 | D:2      | Noticed Ijyb
   684 | D:2      | Killed Ijyb
   684 | D:2      | Reached XP level 3. HP: 25/27 MP: 3/3
   971 | D:2      | Found a shadowy altar of Dithmenos.
  1142 | D:2      | Found a bloodstained altar of Trog.
  1532 | D:3      | Reached skill level 1 in Stealth
  1532 | D:3      | Reached XP level 4. HP: 27/33 MP: 4/4
  1634 | D:3      | Reached skill level 1 in Armour
  1701 | D:3      | Found a shimmering altar of Xom.
  1817 | D:3      | Noticed Grinder
  1821 | D:3      | Paralysed by Grinder for 2 turns
  1842 | D:3      | Slain by Grinder

Skill      XL: |  1  2  3  4 |
---------------+-------------+-----
Fighting       | 2 |  2.1
Short Blades   | 4 |  4.1
Throwing       | 2 |  2.0
Dodging        | 4 |  4.0
Stealth        | 1 |  1.2
Armour         | 1 |  1.0

Action                   |  1- 3 |  4- 6 || total
-------------------------+-------+-------++-------
Melee: Rapier            |    71 |    29 ||   100
       Bite              |     8 |     2 ||    10
       Unarmed           |     3 |       ||     3
Throw: Throwing net      |     4 |       ||     4
       Stone             |    11 |     5 ||    16
       Javelin           |     9 |     6 ||    15
 Abil: End Transformatio |     1 |       ||     1
       Bat Form          |     1 |       ||     1
 Stab: Sleeping          |     2 |       ||     2
  Eat: Corpse            |     6 |     3 ||     9
Armor: Leather armour    |    21 |     2 ||    23
Dodge: Dodged            |    56 |    17 ||    73
